 Dungeon Crawl Stone Soup version 0.28-a0-1395-g4f6bc678fa (webtiles) character file.

Game seed: 1089386091951114342

119 eustatius the Ruffian (level 5, -1/45 HPs)
             Began as a Ghoul Monk on Jan 5, 2022.
             Was an Initiate of Makhleb.
             Slain by a small abomination (17 damage)
             ... created by the touch of Lugonu
             ... on level 3 of the Dungeon.
             The game lasted 00:09:52 (3029 turns).

eustatius the Ruffian (Ghoul Monk)                  Turns: 3029, Time: 00:09:53

Health: -1/45      AC:  2    Str: 15    XL:     5   Next: 3%
Magic:  4/4        EV: 12    Int:  5    God:    Makhleb [......]
Gold:   126        SH:  0    Dex: 13    Spells: 4/4 levels left

rFire   . . .      SeeInvis .     - Unarmed
rCold   + . .      Faith    .   (no shield)
rNeg    + + +      Spirit   .   a - +0 robe
rPois   ∞          Reflect  .   (no helmet)
rElec   .          Harm     .   (no cloak)
rCorr   .          Rampage  .   (no gloves)
Will    .....                   (no boots)
Stlth   ++........              (no amulet)
HPRegen 0.00/turn               (no ring)
MPRegen 0.09/turn               (no ring)

@: inhibited regen
A: claws 1, cold resistance 1, negative energy resistance 3, inhibited
regeneration, torment resistance 2
a: Renounce Religion


You were on level 3 of the Dungeon.
You worshipped Makhleb.
Makhleb was noncommittal.
You visited 1 branch of the dungeon, and saw 3 of its levels.

You collected 126 gold pieces.

Inventory:

Hand Weapons
 i - a +0 hand axe
Armour
 a - a +0 robe (worn)
Scrolls
 b - 2 scrolls of teleportation {unknown}
 d - 2 scrolls of identify {unknown}
 f - a scroll of vulnerability {unknown}
 h - a scroll of amnesia {unknown}
 k - 2 scrolls of magic mapping {unknown}
 l - a scroll of fog {unknown}
 m - a scroll of enchant armour {unknown}
Potions
 c - a potion of mutation {unknown}
 e - 5 potions of curing {unknown}
 g - 2 potions of heal wounds {unknown}
 j - a potion of attraction {unknown}


   Skills:
 - Level 3.2 Fighting
 - Level 2.6 Dodging
 - Level 2.1 Stealth
 * Level 6.1 Unarmed Combat


You had 4 spell levels left.
You didn't know any spells.
Your spell library contained the following spells:

 Spells                   Type           Power      Damage    Failure   Level
 Shock                    Conj/Air       0%         1d3       47%         1
 Gell's Gravitas          Tloc           0%         N/A       85%         3
 Lesser Beckoning         Tloc           0%         N/A       85%         3
 Swiftness                Air            0%         N/A       85%         3
 Teleport Other           Tloc           0%         N/A       85%         3
 Airstrike                Air            0%         N/A       99%         4


Dungeon Overview and Level Annotations

Branches:
Dungeon (3/15)

Altars:
Makhleb
Wu Jian
Lugonu

Annotations:
D:3 1 runed translucent door, Crazy Yiuf


Innate Abilities, Weirdness & Mutations

You thrive by killing the living.
You are immune to poison.
You have sharp fingernails.
Your flesh is cold resistant. (rC+)
You are immune to negative energy. (rN+++)
You do not regenerate when monsters are visible.
You are immune to unholy pain and torment.


Message History

You scratch the kobold.
You kill the kobold!
Makhleb accepts your kill.
Things that are here:
a +0 dagger; 4 poisoned darts
Found 22 arrows.
The ball python hisses angrily.
You closely miss the ball python. The ball python bites you.
The ball python closely misses you.
You scratch the ball python.
You kill the ball python!
Makhleb accepts your kill.
You feel better.
g - 2 fizzy dark potions (gained 1) Lugonu's wrath scatters you!
Lugonu sends minions to punish you.
A small abomination comes into view.
You scratch the small abomination.
The small abomination is lightly damaged.
You scratch the small abomination.
The small abomination is lightly damaged.
The small abomination barely misses you.
You claw the small abomination!
The small abomination is heavily damaged.
The small abomination misses you.
You scratch the small abomination.
The small abomination is severely damaged.
The small abomination hits you.
You closely miss the small abomination.
The small abomination is severely damaged.
The small abomination misses you.
You scratch the small abomination.
The small abomination is severely damaged.
The small abomination hits you.
You scratch the small abomination but do no damage.
The small abomination is severely damaged.
The small abomination hits you!!
You scratch the small abomination but do no damage.
The small abomination is severely damaged.
The small abomination hits you!
You die...

### #.. ##### ## #.# ###
#... ..#######.# ... ...
............ ..###.##.#
...######...
......x..###..#######..#
#.###.#@................
..............#######.#.
#.................#.....
#########.....#.#.#.#.#.
#.....#(#.#..... #####
#.....#.#.#.#+## #..)#
#.........#..... #...#
#.###.#...#..... ... #.#
#.#...#.....


You could see a small abomination.

Vanquished Creatures
  5 adders
  2 dart slugs
  A worm (D:3)
  An orc (D:3)
  8 endoplasms
  2 giant cockroaches
  2 goblins
  A hobgoblin (D:2)
  6 quokkas
  9 ball pythons
  10 bats
  4 frilled lizards
  6 kobolds
  12 rats
69 creatures vanquished.

Vanquished Creatures (others)
  A fungus (D:1)
  2 plants (D:1)
3 creatures vanquished.

Grand Total: 72 creatures vanquished

Notes
Turn   | Place    | Note
-------+----------+-------------------------------------------
     0 | D:1      | eustatius the Ghoul Monk began the quest for the Orb.
     0 | D:1      | Reached XP level 1. HP: 19/19 MP: 0/0
   201 | D:1      | Reached XP level 2. HP: 26/26 MP: 1/1
   209 | D:1      | Reached skill level 4 in Unarmed Combat
   886 | D:1      | Reached XP level 3. HP: 31/31 MP: 2/2
  1123 | D:1      | Found a faded altar of an unknown god.
  1139 | D:1      | Prayed at the altar of an unknown god.
  1139 | D:1      | Became a worshipper of Lugonu the Unformed
  1139 | D:1      | Reached * piety under Lugonu
  1139 | D:1      | Reached ** piety under Lugonu
  1139 | D:1      | Reached *** piety under Lugonu
  1237 | D:2      | Found an ornate altar of the Wu Jian Council.
  1242 | D:2      | Reached skill level 5 in Unarmed Combat
  1253 | D:2      | Reached XP level 4. HP: 13/38 MP: 3/3
  1556 | D:2      | Reached **** piety under Lugonu
  2439 | D:3      | Reached skill level 6 in Unarmed Combat
  2778 | D:3      | Found a burning altar of Makhleb.
  2830 | D:3      | Fell from the grace of Lugonu
  2830 | D:3      | Became a worshipper of Makhleb the Destroyer
  2902 | D:3      | Reached XP level 5. HP: 42/45 MP: 4/4
  2962 | D:3      | Found a runed translucent door.
  2963 | D:3      | Noticed Crazy Yiuf
  3029 | D:3      | Slain by a small abomination

Illustrated notes

Levels and vault maps discovered:
D:1:      dpeg_arrival_ratfight, layout_loops_ring,
          shapermc_ecumenical_altar_petra
D:2:      layout_rooms, basic_altar, nrook_mini_vaults,
          kennysheep_cluttered_room, minmay_tripent
D:3:      layout_basic, bloody_makhleb, minmay_ruptured, uniq_crazy_yiuf_cottage

Skill      XL: |  1  2  3  4 |
---------------+-------------+-----
Unarmed Combat | 4 5 6 |  6.1
Fighting       | |  3.2
Dodging        | |  2.6
Stealth        | |  2.1

Action                   |  1- 3 |  4- 6 || total
-------------------------+-------+-------++-------
Melee: Unarmed           |   106 |    85 ||   191
 Stab: Sleeping          |     3 |     3 ||     6
Armor: Robe              |    13 |    16 ||    29
Dodge: Dodged            |    60 |    61 ||   121

Table legend: (Time is in decaauts)
 A = Elapsed time spent in this place.
 B = Non-inter-level travel time spent in this place.
 C = Inter-level travel time spent in this place.
 D = Time resting spent in this place.
 E = Time spent auto-exploring this place.
 F = Levels seen in this place.
 G = Mean time per level.
                   A        B        C        D        E       F      G
               +--------+--------+--------+--------+--------+-----+--------+
         Total |   3011 |   2947 |     64 |    185 |   1887 |   3 | 1003.7 |
       Dungeon |   3011 |   2947 |     64 |    185 |   1887 |   3 | 1003.7 |
               +--------+--------+--------+--------+--------+-----+--------+

Top non-repeatable levels by time:
     D:1: 1224 daAuts
     D:3: 1085 daAuts
     D:2: 702 daAuts
